[Event "*** Titled Tuesday Blitz"]
[Site "Chess.com"]
[Date "2020.04.07"]
[Round "3"]
[White "MacDaddyMac"]
[Black "lIlIlIlI_lIl"]
[Result "0-1"]
[WhiteElo "2297"]
[BlackElo "2603"]
[TimeControl "180+1"]
[EndTime "13:30:46 PDT"]
[Termination "lIlIlIlI_lIl won by resignation"]

1. e4 c5 2. Nc3 e6 3. f4 d5 4.
d3 Nc6 5. Nf3 Rb8 6. g3 b5 7. Bg2 b4 8. Ne2 dxe4 9. dxe4 Qxd1+ 10. Kxd1 Nf6 11. Nd2 Be7 12. c4 Ng4 13. Nb3 Nf2+ 14.
Ke1 Nxh1 15. Bxh1 Ba6 16. e5 Rc8 17. Be3 Bxc4 18. Bxc6+ Rxc6 19. Na5 Bd5 20. Nxc6 Bxc6 21. Rc1 Kd7 22. Bxc5 Bxc5 23. Rxc5 Bd5 24. Ra5 Ra8 25. Nd4 a6 26. b3 Kc7 27. Rc5+ Kb6 28. Rc2 a5 29.
Kd2 a4 30. Kd3 axb3 31. Nxb3 Ra3 32. Rb2 Kb5 33. Kd4 Bxb3 34. axb3 Ra1 35. Ke4 Re1+ 36. Kd4 Rc1 37. Rd2 Rc3 38. Rd3 Rc2 39. h3 Rh2 40.
g4 Rf2 41. Ke4 Rb2 42. f5 Kc5 43. Rf3 Rc2 44. Rd3 Rc3 45. f6 Rxd3 46. Kxd3 g5 47. Ke4 h6 48. Ke3 Kd5 49. Kd3 Kxe5 50. Kc4 Kf4 51.
Kxb4 e5 52. Kc4 e4 53. Kc3 e3 54. b4 Kf3 55. b5 e2 56. b6 e1=Q+ 57. Kd4 Qe8 58. Kd5 Qe6+ 59. Kc5 Qxf6 60. Kb5 Qf4 0-1

[Event "*** Titled Tuesday Blitz"]
[Site "Chess.com"]
[Date "2020.04.07"]
[Round "3"]
[White "dennisodessa"]
[Black "Jbd735"]
[Result "0-1"]
[WhiteElo "2239"]
[BlackElo "2468"]
[TimeControl "180+1"]
[EndTime "13:30:47 PDT"]
[Termination "Jbd735 won on time"]

1. d4 d5 2. c4 e6 3. Nc3 c6 4. Nf3 Nf6 5. cxd5 exd5 6. Bg5 Be7 7. Qc2 g6 8. e3 Bf5 9. Bd3 Bxd3 10. Qxd3 O-O 11.
O-O Ne4 12. Bf4 Nd6 13. e4 dxe4 14. Nxe4 Nxe4 15. Qxe4 Nd7 16. Rfe1 Re8 17. Ne5 Nf6 18. Qd3 Qd5 19. a3 Rad8 20. Rad1 Nh5 21. Bh6 Bf6 22. Qf3 Bxe5 23. dxe5 Rxe5 24. h4 Rxe1+ 25. Rxe1 Qxf3 26. gxf3 Ng7 27. Bg5 Re8 28. Rd1 Ne6 29.
Rd7 Nxg5 30. hxg5 b5 31. Rxa7 Re2 32. b4 Re5 33. Rc7 Rxg5+ 34. Kf1 Rf5 35. Rxc6 Rxf3 36.
Ra6 h5 37. Kg2 Rb3 38. Ra5 Kg7 39. Rxb5 Rxa3 40. Rb7 Rb3 41. b5 g5 42. b6 Kf6 43.
Rb8 h4 44. b7 Kf5 45. f3 Kf4 46. Rf8 Rb2+ 47. Kh3 Rxb7 0-1

[Event "*** Titled Tuesday Blitz"]
[Site "Chess.com"]
[Date "2020.04.07"]
[Round "3"]
[White "SerGo055"]
[Black "Fins0905"]
[Result "1-0"]
[WhiteElo "2531"]
[BlackElo "2729"]
[TimeControl "180+1"]
[EndTime "13:30:48 PDT"]
[Termination "SerGo055 won by resignation"]

1. d4 d5 2. Nf3 Nf6 3. c4 c6 4. Nc3 dxc4 5. a4 Bf5 6. e3 e6 7. Bxc4 Bb4 8. O-O Nbd7 9. Qb3 Qb6 10. e4 Bg4 11. Be3 Bxc3 12. Qxc3 Nxe4 13. Qc2 Bf5 14. Nh4 Nd6 15. Nxf5 Nxf5 16. Bd3 Nxe3 17.
fxe3 g6 18. a5 Qc7 19. a6 b6 20. Be4 Rc8 21. Rac1 c5 22. Bb7 Rd8 23. b4 O-O 24. bxc5 bxc5 25. dxc5 Ne5 26. c6 Rd5 27. Qe4 Rfd8 28.
Qf4 h5 29. h3 Kg7 30. Rc4 Rd1 31.
Rc1 Rxc1 32. Rxc1 f6 33. Rf1 f5 34. Kh1 Rd2 35. Rc1 Kf6 36. Qh6 Nf7 37. Qf4 Ne5 38.
Qh6 Nf7 39. Qf4 e5 40. Qb4 Rd6 41. Qc5 e4 42. Qxa7 Rd2 43. Qc5 Qg3 44. Qc3+ Ne5 45. Qxd2 Nf3 46. gxf3 Qxf3+ 47. Qg2 Qxe3 48. Rd1 f4 49. Rf1 f3 50. Qh2 Kg7 51. Qg3 Qd3 52. Rg1 e3 53. Qxf3 Qd4 54. c7 e2 55. c8=Q Qxg1+ 56. Kxg1 e1=Q+ 57. Kg2 Qd2+ 58. Qf2 Qg5+ 59. Kh2 Qe5+ 60. Kh1 Qa1+ 61. Qg1 1-0

[Event "*** Titled Tuesday Blitz"]
[Site "Chess.com"]
[Date "2020.04.07"]
[Round "3"]
[White "michechess89"]
[Black "SHIVACalypso"]
[Result "1-0"]
[WhiteElo "2413"]
[BlackElo "2216"]
[TimeControl "180+1"]
[EndTime "13:30:48 PDT"]
[Termination "michechess89 won by resignation"]

1. c4 Nf6 2. Nc3 e6 3. e4 d5 4. e5 d4 5. exf6 dxc3 6. bxc3 Qxf6 7. Nf3 b6 8. d4 Bb7 9. Be2 h6 10. O-O Nd7 11. Be3 Bd6 12. Rb1 c5 13. Qd2 Rd8 14.
h3 O-O 15. a4 cxd4 16. cxd4 e5 17. d5 Bc5 18. a5 e4 19. Nd4 Ne5 20. axb6 axb6 21.
f4 exf3 22. Nxf3 Bxe3+ 23. Qxe3 Rfe8 24. Nxe5 Qxe5 25. Qxe5 Rxe5 26. Bf3 Ba6 27. Rfc1 Rc8 28. Rxb6 Bxc4 29. Rb4 Ba6 30. Rxc8+ Bxc8 31. Rb8 Re8 32.
Bg4 Bd7 33. Rxe8+ Bxe8 34. d6 Kf8 35. d7 Bxd7 36. Bxd7 Ke7 37. Ba4 f6 38. Kf2 Ke6 39. Kf3 Kf5 40. Bb3 Kg5 41. Bc2 f5 42. Kg3 Kf6 43.
h4 g6 44. Kf3 Ke5 45. Ke3 Kf6 46.
Kd4 g5 47. h5 g4 48. Bd3 Kg5 49. Ke5 Kxh5 50. Kf4 Kh4 51. Bxf5 h5 52. Bg6 g3 53.
Kf3 Kg5 54. Be8 h4 55. Bd7 Kf6 56. Bh3 Kg5 57. Ke4 Kh5 58. Kf4 Kh6 59. Kg4 Kg6 60. Kxh4 Kh6 61. Kxg3 Kg6 62. Kf4 Kf6 63. g4 Kg6 64. g5 Kh5 65. Kf5 Kh4 1-0

[Event "*** Titled Tuesday Blitz"]
[Site "Chess.com"]
[Date "2020.04.07"]
[Round "3"]
[White "Tormoz"]
[Black "Bigfish1995"]
[Result "0-1"]
[WhiteElo "2674"]
[BlackElo "2970"]
[TimeControl "180+1"]
[EndTime "13:30:49 PDT"]
[Termination "Bigfish1995 won on time"]

1. d4 Nf6 2. Nf3 d5 3. c4 c6 4. Nc3 e6 5. e3 Nbd7 6. Be2 Bd6 7. O-O O-O 8. b3 b6 9. Bb2 Bb7 10. Rc1 Qe7 11. Re1 Rad8 12. Bf1 dxc4 13. Bxc4 c5 14. dxc5 Nxc5 15. Qe2 Ng4 16. e4 f5 17. exf5 Rxf5 18.
Bxe6+ Qxe6 19. Qxe6+ Nxe6 20. Rxe6 Bc5 21. Ne4 Bxe4 22.
Rxe4 Nxf2 23. Rxc5 Nxe4 24. Rxf5 Rd1+ 25. Ne1 Rxe1+ 26. Rf1 Re2 27. Bd4 Rxa2 28. Rc1 Rd2 29. Ba1 Rd7 30. b4 Kf7 31. g3 Ke6 32. Kg2 Nd6 33.
Rd1 g6 34. Kf3 Nc4 35. Re1+ Kd5 36. Kf4 Rf7+ 37. Kg4 Nd6 38. Rd1+ Kc6 39. Be5 Ne4 40. Re1 Nf2+ 41. Kh4 Nd3 42. Re3 Nxe5 43. Rxe5 b5 44. Rc5+ Kb6 45. Kg5 a5 46. Rc1 axb4 47. Rb1 Kc5 0-1

[Event "*** Titled Tuesday Blitz"]
[Site "Chess.com"]
[Date "2020.04.07"]
[Round "3"]
[White "yawnpawn"]
[Black "Alvarov79"]
[Result "1-0"]
[WhiteElo "1736"]
[BlackElo "2296"]
[TimeControl "180+1"]
[EndTime "13:30:49 PDT"]
[Termination "yawnpawn won on time"]

1. e4 c5 2. Nf3 Nc6 3. Bb5 g6 4.
O-O Bg7 5. c3 Nf6 6. Re1 O-O 7.
d4 d5 8. e5 Ne4 9. Nbd2 Nxd2 10. Bxd2 Qb6 11. Bxc6 Qxc6 12. Qc1 Bg4 13. Nh4 Rac8 14.
h3 Bd7 15. dxc5 Qxc5 16. Bh6 Qc4 17. Bxg7 Kxg7 18. Nf3 b5 19. Ng5 e6 20. a3 a5 21.
Qe3 h6 22. Nf3 Rc7 23. Nd2 Qc6 24. Qf3 Rb8 25. Qf6+ Kg8 26. Qf4 h5 27. Re3 Be8 28. Rg3 Qd7 29. Qh6 b4 30. axb4 axb4 31. cxb4 Qe7 32. Qxh5 Qxb4 33. Nf3 Qxb2 34. Re1 Rc1 35.
Rxc1 Qxc1+ 36. Kh2 Rb1 37. Rg4 Kf8 38. Qh8+ Ke7 39.
Qf6+ Kd7 40. Ng5 Qg1+ 41. Kg3 Rb3+ 42. Kh4 Qc1 43. Nxf7 Bxf7 44. Qxf7+ Kc8 45. Qxe6+ Kb8 46. Qd6+ Kb7 47. Qxd5+ Kc8 48. Qxb3 Qh6+ 49. Kg3 1-0

[Event "*** Titled Tuesday Blitz"]
[Site "Chess.com"]
[Date "2020.04.07"]
[Round "3"]
[White "Malev212"]
[Black "VladDobrov"]
[Result "0-1"]
[WhiteElo "2627"]
[BlackElo "2870"]
[TimeControl "180+1"]
[EndTime "13:30:50 PDT"]
[Termination "VladDobrov won on time"]

1. d4 Nf6 2. c4 e6 3. Nc3 Bb4 4. a3 Bxc3+ 5. bxc3 d5 6. cxd5 Qxd5 7. f3 c5 8. e4 Qc6 9. Be3 O-O 10. a4 Nbd7 11. Bb5 Qc7 12. Ne2 b6 13. O-O Bb7 14. a5 Rfd8 15.
Qa4 a6 16. Bxd7 Nxd7 17. axb6 Nxb6 18. Qa5 Qc6 19. Qxc5 Qxc5 20. dxc5 Nc4 21. Bf2 e5 22.
Ra4 Nd2 23. Re1 Bc6 24. Ra2 Nc4 25. Ng3 g6 26. Nf1 Rd3 27. Ne3 Rxc3 28. Nd5 Bxd5 29. exd5 Rd8 30. d6 a5 31. Rb1 f5 32. h4 e4 33. fxe4 fxe4 34. Bd4 Rd3 35. Bf6 Rc8 36. Rb7 Rxc5 37. d7 Rcd5 38. Rb8+ Kf7 39. d8=Q Rxd8 40. Bxd8 e3 41. Bxa5 Nxa5 42. Kf1 Nc4 43. Ke2 Rc3 44.
Rc8 Ke6 45. Rc5 Kd6 46. Rc8 Kd5 47. Ra7 Rc2+ 48. Ke1 Ke4 49. Re8+ Kf4 0-1

[Event "*** Titled Tuesday Blitz"]
[Site "Chess.com"]
[Date "2020.04.07"]
[Round "3"]
[White "TomasKapitanchuk"]
[Black "mishanick"]
[Result "0-1"]
[WhiteElo "2495"]
[BlackElo "3007"]
[TimeControl "180+1"]
[EndTime "13:30:50 PDT"]
[Termination "mishanick won by checkmate"]

1. e4 c5 2. Nf3 d6 3. Bb5+ Nd7 4. O-O Nf6 5. Re1 a6 6. Bd3 e6 7. c3 b5 8. Bc2 c4 9. a4 Bb7 10. axb5 axb5 11. Rxa8 Qxa8 12. Na3 Bxe4 13. Nxb5 Qb7 14. Bxe4 Nxe4 15. d3 Nxf2 16. Nxd6+ Bxd6 17. Kxf2 cxd3 18.
Qxd3 Be7 19. Rd1 Nc5 20. Qe2 O-O 21. Be3 Rb8 22. Bc1 h6 23. Kg1 Bf6 24. Kh1 Na4 25. Rd2 Qb3 26. h3 Qa2 27. Qa6 Qa1 28. Rd1 g5 29.
Nh2 Rd8 30. Rf1 Bg7 31. b3 Qxc3 32. Qxa4 Qd3 33. Qc4 Qd7 34. Qe2 Rc8 35. Qf3 Rc2 36. b4 f5 37. Qb3 Qc8 38. Qe3 Qc6 39. Nf3 Kh7 40. Kh2 Qd5 41. Ba3 Qa2 42. Rg1 Rc3 43.
Qb6 Rxa3 44. b5 Qd5 45. Qc7 Rb3 46. b6 g4 47. hxg4 fxg4 48. Qc2+ Kg8 49. Nh4 Be5+ 50. Kh1 Rh3# 0-1

[Event "*** Titled Tuesday Blitz"]
[Site "Chess.com"]
[Date "2020.04.07"]
[Round "3"]
[White "arminmusovic"]
[Black "CakeinSpace2002"]
[Result "1-0"]
[WhiteElo "2517"]
[BlackElo "2173"]
[TimeControl "180+1"]
[EndTime "13:30:50 PDT"]
[Termination "arminmusovic won on time"]

1. a3 d5 2. Nc3 Nf6 3. d3 g6 4. Bg5 Bg7 5. e4 O-O 6. e5 Nfd7 7. Nxd5 Nc6 8. d4 f6 9. Bh4 fxe5 10. dxe5 Ndxe5 11. Be2 Be6 12. Nxe7+ Nxe7 13. Qxd8 Rfxd8 14. Bxe7 Re8 15. Bb4 Nc4 16. O-O-O Bxb2+ 17. Kb1 Bxa3 18. Bc3 Bf8 19. Nf3 Bg7 20. Bxg7 Kxg7 21. Ng5 Bg8 22. Bxc4 Bxc4 23. Rd7+ Kh6 24. h4 Bg8 25. g4 Rac8 26.
f3 Red8 27. Re7 Re8 28. Rd7 Red8 29. Nf7+ Bxf7 30. Rxf7 Rh8 31. Re1 Rcf8 32. Ree7 Rxf7 33. Rxf7 g5 34. h5 Rc8 35. c4 a6 36. Kb2 b6 37.
Kc3 c5 38. Rf6+ Kg7 39. Rxb6 Rf8 40. Rc6 Rxf3+ 41. Kb2 Rf4 42. Rxc5 Rxg4 43. Kb3 Rh4 44. Rxg5+ Kh6 45. Ra5 Rxh5 46. c5 Rd5 47. Kc4 Rd1 48. Rxa6+ Kg5 49. Ra3 h5 50. c6 Rd8 51. Kc5 h4 52. c7 Rc8 53. Kd6 Kg4 54. Ra4+ 1-0

[Event "*** Titled Tuesday Blitz"]
[Site "Chess.com"]
[Date "2020.04.07"]
[Round "3"]
[White "viggi38"]
[Black "youngKID"]
[Result "0-1"]
[WhiteElo "2478"]
[BlackElo "2820"]
[TimeControl "180+1"]
[EndTime "13:30:51 PDT"]
[Termination "youngKID won by resignation"]

1. d4 Nf6 2. Nc3 g6 3. e4 d6 4. Be2 Bg7 5. Nf3 O-O 6. O-O Nbd7 7. e5 Ne8 8. Bf4 c6 9. Re1 dxe5 10. dxe5 Nc7 11. Bc4 Nb6 12. Qxd8 Rxd8 13. Bb3 Ne6 14. Be3 Nc7 15. Bc5 Kf8 16. Ng5 h6 17. Nxf7 Re8 18. Nd6 exd6 19. exd6 Nd7 20. Ba3 Nb5 21. Rxe8+ Kxe8 22. Re1+ Kd8 23. Nxb5 cxb5 24. Re7 Bf8 25. Rh7 a5 26. c3 b4 27. cxb4 Bxd6 28. bxa5 Bxa3 29. bxa3 Rxa5 30. Rxh6 Nf8 31. h4 Rxa3 32. h5 gxh5 33. Rxh5 Be6 34. Rb5 Kc7 35. f3 Bxb3 36. axb3 Ne6 37.
Rb4 Ra1+ 38. Kf2 Ra2+ 39. Kg3 Rb2 40. f4 Nc5 41. Rc4 Rxb3+ 42. Kh4 Kd6 43. g4 b5 44. Rd4+ Kc6 45. f5 Rf3 46. Kg5 Nd7 47. Re4 Kd5 48. Re6 Ne5 49. Rb6 Kc5 50. Rb7 Rf2 51. f6 Nxg4 52. Rb8 Nxf6 0-1

[Event "*** Titled Tuesday Blitz"]
[Site "Chess.com"]
[Date "2020.04.07"]
[Round "3"]
[White "jaskol95"]
[Black "narutosmith"]
[Result "1-0"]
[WhiteElo "2396"]
[BlackElo "2198"]
[TimeControl "180+1"]
[EndTime "13:30:51 PDT"]
[Termination "jaskol95 won by checkmate"]

1. d4 Nf6 2. Bf4 g6 3. Nc3 d5 4. e3 Bg7 5. h4 O-O 6. h5 c5 7. hxg6 hxg6 8. Nf3 Nc6 9. Ne5 cxd4 10. exd4 Ne4 11.
Nxe4 dxe4 12. Nxc6 bxc6 13. c3 Qb6 14. Qd2 Rd8 15. Bc4 Ba6 16. Bb3 c5 17. Bh6 Qf6 18. Bxg7 Qxg7 19. Qf4 cxd4 20. Bxf7+ Qxf7 21. Rh8+ Kxh8 22. Qxf7 dxc3 23. bxc3 Bd3 24. Qxg6 Rd6 25. Qg5 Rb8 26.
Kd2 e3+ 27. Kxe3 Rbb6 28. Rh1+ Bh7 29. f3 Re6+ 30. Kf2 Rb2+ 31. Kg3 Ree2 32. Rh2 Re6 33. Qg4 Rbb6 34. Qd4+ Kg8 35. Rh4 Rg6+ 36. Rg4 Rxg4+ 37. Kxg4 Rg6+ 38. Kh3 Kf7 39. Qc4+ Re6 40. f4 Kf6 41.
g4 Be4 42. Qd4+ Kf7 43. f5 Ra6 44. Qxe4 Rd6 45. Qf4 Rd3+ 46. Kh4 Rxc3 47. g5 Rc5 48.
g6+ Kf8 49. g7+ Kxg7 50. Qd4+ Kf7 51. Qxc5 Kf6 52. Qxa7 Kxf5 53. Qxe7 Kf4 54. Qg5+ Kf3 55. Qg4+ Kf2 56. Qh3 Ke2 57. Kg4 Kd2 58. Qb3 Ke2 59. Kf4 Kd2 60. Ke4 Ke2 61. Qb2+ Kf1 62. Kf3 Ke1 63. Qe2# 1-0

[Event "*** Titled Tuesday Blitz"]
[Site "Chess.com"]
[Date "2020.04.07"]
[Round "3"]
[White "JonahWillow"]
[Black "josiwales"]
[Result "1-0"]
[WhiteElo "2779"]
[BlackElo "2526"]
[TimeControl "180+1"]
[EndTime "13:30:52 PDT"]
[Termination "JonahWillow won on time"]

1. e4 c5 2. Nf3 Nc6 3. d4 cxd4 4.
Nxd4 Nf6 5. Nc3 e5 6. Ndb5 d6 7.
Bg5 a6 8. Na3 b5 9. Nd5 Be7 10.
Bxf6 Bxf6 11. c4 Nd4 12. Nc2 Bg4 13. Qd2 Bg5 14. Nde3 Qb6 15. Qd3 Nxc2+ 16. Nxc2 bxc4 17.
Qc3 Rb8 18. Bxc4 Qxb2 19. Qxb2 Rxb2 20. Bb3 Be6 21. Ba4+ Ke7 22. O-O Rc8 23. Ne1 Bc4 24. Nf3 Bxf1 25. Kxf1 Bd2 26. Bb3 Ba5 27. Rd1 Bb6 28. Rd2 Rc1+ 29. Ke2 Rbb1 30. Bc2 Rb4 31. a3 Rc4 32. Bd3 Rc5 33. a4 Ba5 34. Rb2 Rc7 35. Bxa6 R1c2+ 36. Rxc2 Rxc2+ 37. Ke3 Bb6+ 38. Kd3 Rxf2 39.
Nh4 g6 40. Kc4 Rf4 41. g3 Rxe4+ 42. Kb5 Bg1 43. a5 Bxh2 44. Bb7 Re1 45. a6 Bxg3 46. a7 Ra1 47. Ba6 Rb1+ 48. Kc4 Bxh4 49. a8=Q Rc1+ 50. Kd3 Rc5 51. Qb7+ Kf6 52. Bc4 Kg7 53. Qxf7+ Kh6 54. Qf8+ Kh5 55. Qxd6 Ra5 56. Qd7 Ra3+ 57. Kc2 Bg5 58.
Be2+ Kh6 59. Qg4 Ra2+ 60. Kb3 Rd2 61. Qh3+ Kg7 62. Bc4 Rd4 63. Qe6 Bf6 64. Qf7+ Kh6 65. Qxf6 1-0

[Event "*** Titled Tuesday Blitz"]
[Site "Chess.com"]
[Date "2020.04.07"]
[Round "3"]
[White "HrvojeZagreb"]
[Black "esskeettit"]
[Result "1/2-1/2"]
[WhiteElo "2119"]
[BlackElo "2347"]
[TimeControl "180+1"]
[EndTime "13:30:52 PDT"]
[Termination "Game drawn - insufficient material"]

1. d4 Nf6 2. Bf4 e6 3. e3 d5 4.
Nd2 Bd6 5. Bg3 c5 6. c3 Nc6 7.
Bd3 b6 8. e4 Bxg3 9. hxg3 cxd4 10. Qa4 Bd7 11. exd5 Nxd5 12. cxd4 Rc8 13. Ngf3 Ncb4 14.
Bb5 Nc2+ 15. Ke2 Nxa1 16. Ne5 Bxb5+ 17. Qxb5+ Kf8 18. Rxa1 f6 19. Nd3 Kf7 20. Ne4 Rc2+ 21. Kf1 Qc7 22. Re1 Rd8 23. Qb3 Qc4 24. Ng5+ Kg8 25.
Qxc4 Rxc4 26. Nxe6 Re8 27. b3 Rc2 28. Ndf4 Nxf4 29. gxf4 Kf7 30. f5 g6 31. g4 gxf5 32.
gxf5 Rxa2 33. Rc1 Ra5 34. Rc7+ Re7 35. Nd8+ Ke8 36. Rc8 Kd7 37. Ra8 Rxf5 38. Nb7 Re4 39. Rxa7 Kc6 40. Nd8+ Kb5 41. Nf7 Rd5 42. Nh6 Rexd4 43.
Kg2 Rd2 44. Ng4 f5 45. Ne3 R5d3 46. Rxh7 Rxb3 47. Rh5 Rbb2 48. Kf3 Rxf2+ 49. Kg3 Kb4 50. Nxf5 Rg2+ 51. Kf4 b5 52. Nd4 Rbf2+ 53. Ke3 Kc4 54. Rxb5 Re2+ 55. Nxe2 Rxe2+ 56. Kxe2 Kxb5 1/2-1/2

[Event "*** Titled Tuesday Blitz"]
[Site "Chess.com"]
[Date "2020.04.07"]
[Round "3"]
[White "meridaandres"]
[Black "enriquetejedor"]
[Result "0-1"]
[WhiteElo "2276"]
[BlackElo "2549"]
[TimeControl "180+1"]
[EndTime "13:30:53 PDT"]
[Termination "enriquetejedor won by resignation"]

1. e4 c5 2. c3 Nf6 3. e5 Nd5 4. d4 cxd4 5. Nf3 d6 6. cxd4 Nc6 7. Bc4 Nb6 8. Bb5 e6 9. O-O dxe5 10. Nxe5 Bd7 11. Nxd7 Qxd7 12. Nc3 Be7 13. Qg4 O-O 14.
Rd1 Rfd8 15. Bh6 Bf8 16. Ne4 Kh8 17. Bg5 f5 18. Qh4 fxe4 19. Bxd8 Rxd8 20. Qxe4 Qd5 21. Qe2 Nxd4 22. Qg4 Qxb5 23. Rxd4 Qxb2 24. Rxd8 Qxa1+ 25. Qd1 Qxd1+ 26. Rxd1 Nd5 27. Rc1 Kg8 28. Rc8 b6 29. g3 a5 30. a4 Kf7 31. Kg2 Bc5 32. h4 Nc3 33. Rc7+ Kf6 34. g4 h6 35. f4 Nxa4 36. g5+ hxg5 37. fxg5+ Kg6 38. Kf3 Bf8 39. Kg4 Nc5 40.
h5+ Kh7 41. g6+ Kg8 42. Rc6 b5 43. Kf4 b4 44. Ke3 b3 45. Kd2 a4 46. Kc3 e5 47.
Rc7 a3 48. h6 gxh6 49. g7 Bxg7 50. Rxc5 a2 51. Ra5 a1=Q+ 52. Rxa1 e4+ 53. Kxb3 Bxa1 54.
Kc2 Bd4 55. Kd1 Ba7 56. Ke2 e3 57. Kf3 Kf7 58. Ke2 Ke6 59. Kd3 Kd5 60. Ke2 Kc4 61.
Kf3 Kd3 0-1

[Event "*** Titled Tuesday Blitz"]
[Site "Chess.com"]
[Date "2020.04.07"]
[Round "3"]
[White "sofaceindisguise"]
[Black "Zaven_ChessMood"]
[Result "1/2-1/2"]
[WhiteElo "2644"]
[BlackElo "2869"]
[TimeControl "180+1"]
[EndTime "13:30:54 PDT"]
[Termination "Game drawn - insufficient material"]

1. c4 e5 2. g3 Nc6 3. Bg2 Nf6 4. Nc3 Bb4 5. d3 Bxc3+ 6. bxc3 d6 7. e4 O-O 8. Nf3 Ne8 9. Nh4 a6 10. a4 Rb8 11. a5 h6 12. O-O Bd7 13. Be3 Ne7 14. c5 Qc8 15. cxd6 cxd6 16. c4 Bh3 17. Rb1 Bxg2 18.
Kxg2 g5 19. Nf3 f5 20. exf5 Nxf5 21. Rb6 Nf6 22. Nd2 Nd7 23. Rb1 Rf7 24. Ne4 Nf6 25. Nxf6+ Rxf6 26. Kg1 Qd7 27. Qg4 Rbf8 28. Qe4 R8f7 29.
Rb2 Nxe3 30. Qxe3 Qa4 31. Qb6 Qa3 32. Rb3 Qa2 33. Rb2 Qa3 34. Rb3 Qa4 35. Rb2 Qd7 36.
Qe3 Rf3 37. Qe4 Kg7 38. Rfb1 Qc8 39. Rxb7 Rxf2 40. Rxf7+ Rxf7 41. Rf1 Qc5+ 42. Kg2 Rxf1 43. Kxf1 Qxa5 44. Qb7+ Kf6 45. Qc8 Qa1+ 46. Ke2 Qb2+ 47. Kf3 g4+ 48. Qxg4 Qd2 49. Qh4+ Qg5 50. Qxg5+ hxg5 51. h3 g4+ 52. hxg4 Kg5 53. Ke4 a5 54. d4 exd4 55.
Kxd4 Kxg4 56. c5 dxc5+ 57. Kxc5 a4 58. Kb4 a3 59. Kxa3 Kxg3 1/2-1/2

[Event "*** Titled Tuesday Blitz"]
[Site "Chess.com"]
[Date "2020.04.07"]
[Round "3"]
[White "Trickov"]
[Black "x-3738459472"]
[Result "1/2-1/2"]
[WhiteElo "2242"]
[BlackElo "2524"]
[TimeControl "180+1"]
[EndTime "13:30:54 PDT"]
[Termination "Game drawn by repetition"]

1. d4 Nf6 2. Nf3 c5 3. c4 d6 4. Nc3 cxd4 5. Nxd4 Nc6 6. g3 h5 7. Bg5 Qa5 8. Nf3 Ne4 9. Bd2 Nxd2 10. Qxd2 g6 11.
Nd5 Qxd2+ 12. Kxd2 Kd8 13. Rd1 Be6 14. Bg2 Rc8 15.
a3 Na5 16. Ne3 Nxc4+ 17. Nxc4 Bxc4 18. Nd4 Bg7 19. Bxb7 Rc7 20. Nc6+ Kd7 21. Na5 Bxb2 22. Nxc4 Rxc4 23. Ba6 Rc5 24. a4 Rb8 25. Rb1 Kd8 26. e3 Rb4 27. Bb5 Kc7 28. Rhd1 Kb6 29. Ke2 a6 30. Be8 Rf5 31. Rd2 Bc3 32. Rxb4+ Bxb4 33. Rb2 a5 34. Rc2 g5 35. f4 gxf4 36. gxf4 e5 37. Rc6+ Kb7 38. Rc4 Bc5 39. Bb5 Kb6 40. Kf3 d5 41. Rc2 exf4 42. exf4 Bd6 43. Rc6+ Kb7 44. Rxd6 Kc7 45. Rd7+ Kb6 46. Rd6+ Kc5 47. Rd7 Kd4 48. Rc7 Rf6 49. Rc1 h4 50. Rd1+ Kc5 51. Rc1+ Kd4 52. Rd1+ Kc5 53. Rc1+ Kd4 1/2-1/2

[Event "*** Titled Tuesday Blitz"]
[Site "Chess.com"]
[Date "2020.04.07"]
[Round "3"]
[White "GodDMuhammad"]
[Black "praveenb2002"]
[Result "0-1"]
[WhiteElo "2320"]
[BlackElo "2594"]
[TimeControl "180+1"]
[EndTime "13:30:55 PDT"]
[Termination "praveenb2002 won by resignation"]

1. f4 d5 2. Nf3 Nf6 3. g3 g6 4.
d3 Bg7 5. Bg2 O-O 6. c3 c5 7.
Qc2 Nc6 8. e4 dxe4 9. dxe4 e5 10. f5 gxf5 11. exf5 e4 12. Nh4 Ne5 13. O-O Nd3 14.
Bg5 c4 15. Nd2 Qb6+ 16. Kh1 Nf2+ 17. Rxf2 Qxf2 18. Qc1 e3 19. Nxc4 e2 20. Be3 e1=Q+ 21. Qxe1 Qxe1+ 22. Rxe1 Re8 23. Rf1 Ne4 24. Bd4 Bxd4 25.
cxd4 Bd7 26. Ne5 Bc6 27. Nxc6 bxc6 28. Rf4 Nf6 29. Bxc6 Re1+ 30. Kg2 Rc8 31. d5 Re2+ 32. Rf2 Rxf2+ 33. Kxf2 Rd8 34. Nf3 Nxd5 35. Bxd5 Rxd5 36. g4 Rd1 37. h3 Rb1 38. b3 Rb2+ 39. Kg3 Rxa2 40.
Kf4 f6 41. h4 Rb2 42. Nd4 Kf7 43. g5 Rd2 44. Ke3 Rh2 45. Nf3 Rh1 46. Kd3 Rf1 47.
Ke3 Rb1 48. Nd4 Rh1 49. Nf3 Rc1 50. Kd2 Rb1 51. Ke3 Rxb3+ 52. Ke4 Rb4+ 53. Kd5 Rb5+ 54.
Ke4 a5 55. h5 Rb4+ 56. Kd5 Rf4 57. g6+ Kg7 58. Nd4 Rf1 59. Ne6+ Kg8 60. Nd4 a4 61. h6 a3 62. Ke6 a2 63. Nc2 Rc1 64. Kxf6 Rxc2 65. g7 Rc6+ 66. Ke7 Rc7+ 67. Ke6 Rf7 68. f6 a1=Q 69. Kf5 Qxf6+ 0-1

[Event "*** Titled Tuesday Blitz"]
[Site "Chess.com"]
[Date "2020.04.07"]
[Round "3"]
[White "Benjoneliere44"]
[Black "Shivagami"]
[Result "0-1"]
[WhiteElo "2496"]
[BlackElo "2170"]
[TimeControl "180+1"]
[EndTime "13:30:55 PDT"]
[Termination "Shivagami won by resignation"]

1. d4 Nf6 2. Bf4 d5 3. e3 c5 4.
c3 Nc6 5. Nd2 Bf5 6. Ngf3 Qb6 7.
Qb3 c4 8. Qxb6 axb6 9. a3 b5 10. Rc1 e6 11. Be2 h6 12. Bd1 Ne4 13. Bc2 Nxd2 14.
Kxd2 Bxc2 15. Kxc2 f6 16. h4 Kd7 17. h5 Bd6 18. Bxd6 Kxd6 19. Rce1 e5 20. dxe5+ fxe5 21.
Rd1 Kc5 22. Rd2 Rhf8 23. Rhd1 Rad8 24. Nh4 Rf6 25. g4 d4 26. cxd4+ exd4 27. exd4+ Nxd4+ 28. Kb1 Rfd6 29. f4 b4 30. axb4+ Kxb4 31. Nf3 Nb5 32. Rxd6 Rxd6 33. Rxd6 Nxd6 34. Nd4 Ne4 35. Ne6 Nf6 36. g5 hxg5 37. fxg5 Nxh5 38. Kc2 g6 39. Nf8 Nf4 40.
Nd7 b5 41. Ne5 Kc5 42. Nd7+ Kd6 43. Nf6 Ne6 44. Ne4+ Ke5 45. Nc3 b4 46. Na4 Nxg5 47. Nb6 Kd4 48. Nc8 Ne4 49. Ne7 g5 50. Nf5+ Ke5 51. Ne3 b3+ 52. Kc1 Kd4 53. Nf5+ Kd3 54. Nh6 Nf2 55. Nf5 g4 56. Ng3 Ne4 57. Nf1 g3 58.
Kd1 g2 0-1

[Event "*** Titled Tuesday Blitz"]
[Site "Chess.com"]
[Date "2020.04.07"]
[Round "3"]
[White "TomPolgar"]
[Black "EugeneRougon"]
[Result "0-1"]
[WhiteElo "2309"]
[BlackElo "2705"]
[TimeControl "180+1"]
[EndTime "13:30:55 PDT"]
[Termination "EugeneRougon won on time"]

1. e4 d6 2. d4 g6 3. Nc3 Nf6 4. f4 Bg7 5. Nf3 O-O 6. Bd3 Nc6 7. e5 dxe5 8. fxe5 Nh5 9. Be3 Bg4 10. Be2 f6 11.
exf6 exf6 12. d5 Ne7 13. O-O Nf5 14. Bc5 Re8 15. h3 Bxf3 16. Bxf3 Nhg3 17. Re1 Qd7 18. Qd3 Nd6 19. Bf2 Ngf5 20. Re6 Nf7 21. Rae1 Ne5 22. Qe2 Kh8 23. Be4 Nd6 24. Bf3 Rxe6 25. dxe6 Qxe6 26.
Bd5 Qd7 27. Bb3 Re8 28. Qd2 f5 29. Bg3 Nc6 30. Rxe8+ Qxe8 31. Bxd6 Bd4+ 32. Kh1 cxd6 33. Nb5 Qe5 34. Nxd4 Qxd4 35. Qe2 Qe5 36. Qd2 Kg7 37.
Qd3 Qd4 38. Qe2 Qe5 39. Qd3 Nd4 40. Bc4 Qe4 41. Qd2 Qe5 42. Qc3 Nc6 43. Qd3 Kf6 44. c3 Qe1+ 45. Kh2 Qe5+ 46. Kh1 h5 47. Bd5 Qe1+ 48.
Kh2 Qe5+ 49. Kh1 h4 50. Bf3 Qe1+ 51. Kh2 Qg3+ 52. Kh1 Qe5 53. Qd2 Nd8 54. Qh6 Qe1+ 55. Kh2 Ne6 56. Qh8+ Kg5 0-1

[Event "*** Titled Tuesday Blitz"]
[Site "Chess.com"]
[Date "2020.04.07"]
[Round "3"]
[White "Federtiu"]
[Black "David_Paravyan"]
[Result "1/2-1/2"]
[WhiteElo "2689"]
[BlackElo "2971"]
[TimeControl "180+1"]
[EndTime "13:30:56 PDT"]
[Termination "Game drawn by repetition"]

1. c4 Nf6 2. Nc3 e5 3. Nf3 Nc6 4. e3 d5 5. cxd5 Nxd5 6. Bb5 Nxc3 7. bxc3 Bd6 8. O-O O-O 9. e4 f5 10. d3 Kh8 11. exf5 Bxf5 12. Ng5 Qf6 13. Bxc6 bxc6 14. Ne4 Qg6 15. Qe2 c5 16. c4 Rab8 17. f3 Rb6 18.
Bd2 Rb2 19. Rfb1 Rfb8 20. Rxb2 Rxb2 21. Kf1 h6 22. Qd1 Be7 23. Qc1 Rb8 24. Rb1 Rf8 25.
Qe1 Bh3 26. Qe2 Bg4 27. Bc3 Bd6 28. Nf2 Bf5 29. Rb7 Qg5 30. Bd2 Qh4 31. Kg1 a6 32. Be3 e4 33. dxe4 Bxh2+ 34. Kf1 Bxe4 35. fxe4 Bg3 36. Ke1 Rd8 37. Qf3 Qh1+ 38. Ke2 Bxf2 39. Kxf2 Kg8 40. Bxc5 Rd2+ 41. Ke3 Qe1+ 42. Kf4 Qh4+ 43.
g4 Qg5+ 44. Kg3 Qxc5 45. Rb8+ Kh7 46. Qf5+ Qxf5 47. exf5 Rc2 48. Ra8 Rc3+ 49. Kh4 Ra3 50. Ra7 c5 51. Rc7 Rxa2 52. Rxc5 Rc2 53. Rc6 a5 54. Ra6 Rxc4 55. Rxa5 Rc1 56. Rd5 Rh1+ 57. Kg3 Rg1+ 58. Kf4 Ra1 59. Rd8 Ra4+ 60. Kg3 Ra3+ 61. Kh4 Ra4 62. Kg3 Ra3+ 63. Kf4 Ra4+ 64. Kg3 1/2-1/2